 Dungeon Crawl Stone Soup version 0.31-a0-214-gb37851dbb3 (webtiles) character file.

Game seed: 12777140801199148483

77 qw the Shooter (level 4, -12/36 HPs)
             Began as a Minotaur Hexslinger on July 1, 2023.
             Mangled by a gnoll
             ... wielding a +1 whip of electrocution
              (19 damage)
             ... on level 2 of the Dungeon.
             The game lasted 00:00:38 (1684 turns).

qw the Shooter (Minotaur Hexslinger)                Turns: 1684, Time: 00:00:39

Health: -12/36     AC:  3    Str: 12    XL:     4   Next: 13%
Magic:  4/4        EV: 12    Int: 10    God:
Gold:   156        SH:  0    Dex: 15    Spells: 4/5 levels left

rFire   . . .        Y - +2 sling
rCold   . . .        (no shield)
rNeg    . . .        f - +0 leather armour
rPois   .            (helmet restricted)
rElec   .            (no cloak)
rCorr   .            (no gloves)
SInv    .            (no boots)
Will    .....        (no amulet)
Stlth   +            (no ring)
HPRegen 0.26/turn    (no ring)
MPRegen 0.09/turn

%: no passive effects
@: no status effects
A: horns 2, retaliatory headbutt
a: no special abilities


You were on level 2 of the Dungeon.
You visited 1 branch of the dungeon, and saw 3 of its levels.

You collected 156 gold pieces.


Innate Abilities, Weirdness & Mutations

You have a pair of horns on your head.
You reflexively headbutt those who attack you in melee.


   Skills:
 - Level 2.0 Fighting
 + Level 4.7 Ranged Weapons
 - Level 2.1 Dodging
 - Level 1.0 Spellcasting
 - Level 2.0 Hexes


You had 4 spell levels left.
You knew the following spells:

 Your Spells              Type           Power      Damage    Failure   Level
a - Slow                  Hex            16%        N/A       19%         1

Your spell library contained the following spells:

 Spells                   Type           Power      Damage    Failure   Level
 Inner Flame              Hex/Fire       2%         N/A       65%         3
 Portal Projectile        Hex/Tloc       4%         N/A       65%         3
 Cause Fear               Hex            2%         N/A       88%         4

Inventory:

Hand Weapons
 Y - a +2 sling (weapon)
Armour
 f - a +0 leather armour (worn)
Potions
 c - a potion of ambrosia {unknown}
 d - a potion of haste {unknown}
 g - a potion of heal wounds {unknown}

Dungeon Overview and Level Annotations

Branches:
Dungeon (3/15)

Altars:
Makhleb
Sif Muna

Shops:
D:2 =


Message History

1603 ||| STAIRDANCE You climb upwards.
There is a stone staircase leading down here.
Enter note:
Enter note:
Enter note:
Enter note:
Enter note:
Enter note: You start resting.
HP restored.
Done exploring.
(D) Dungeon
Where to? (* - list waypoints, Enter - D:3, ? - help)
What level of the Dungeon? (default 1, ? - help)
You climb downwards.
There is a stone staircase leading up here.
There are monsters nearby!
You shoot a sling bullet. The sling bullet hits the gnoll.
The gnoll is lightly wounded.
You shoot a sling bullet.
The sling bullet barely misses the gnoll.
The gnoll hits you with a +1 whip of electrocution.
1680 ||| STAIRDANCE The gnoll hits you with a +1 whip of electrocution.
You are electrocuted!
You climb upwards.
There is a stone staircase leading down here.
You shoot a sling bullet. The sling bullet hits the gnoll.
The gnoll is heavily wounded.
The gnoll hits you with a +1 whip of electrocution. x2
You shoot a sling bullet. The sling bullet hits the gnoll.
The gnoll is severely wounded.
The gnoll hits you with a +1 whip of electrocution.
You shoot a sling bullet.
The sling bullet barely misses the gnoll.
The gnoll hits you with a +1 whip of electrocution.
You are electrocuted!!
Ouch! That really hurt!
You die...

#.# #%# #.# ########### ########
#.# #.........# #......# #.#
#.#######.# #.####.# #.# #.#
#.### #.# #.# #.### #.#
#.#.###g####.# #.... #.#
#......@.....#######..## ##.#
#.#.###.#.##..........## #..#
#.#.# #.................
#..#######.#.###.#.##.########.##
#..........#.......##.########.##
#.#....##.##.###.#.##.......)..##
#.#.#####.##.###.#..#############
#.#.####...#.#...#..# #
#........#...#.###..# #


You could see a gnoll.

Vanquished Creatures
  A gnoll (D:3)
  2 orcs (D:3)
  6 endoplasms
  2 giant cockroaches (D:1)
  7 goblins
  7 hobgoblins
  6 jackals
  5 kobolds
  2 quokkas (D:2)
  9 ball pythons
  3 bats
  6 frilled lizards
  2 rats (D:2)
58 creatures vanquished.

Notes
Turn   | Place    | Note
-------+----------+-------------------------------------------
     0 | D:1      | qw the Minotaur Hexslinger began the quest for the Orb.
     0 | D:1      | Reached XP level 1. HP: 16/16 MP: 1/1
     0 | D:1      | 0 ||| qw: Version: 0.3-a-32-g5962c71
     0 | D:1      | 0 ||| qw: Game counter: 7523
     0 | D:1      | 0 ||| qw: Melee chars always use a shield: true
     0 | D:1      | 0 ||| qw: God list: Okawaru
     0 | D:1      | 0 ||| qw: Allow faded altars: false
     0 | D:1      | 0 ||| qw: Do Orc after clearing Dungeon:15 true
     0 | D:1      | 0 ||| qw: Do second Lair branch before Depths: true
     0 | D:1      | 0 ||| qw: Lair rune preference: random
     0 | D:1      | 0 ||| qw: Goals: Normal
     0 | D:1      | 0 ||| PLANNING D:1-11
    76 | D:1      | Reached skill level 3 in Ranged Weapons
    76 | D:1      | Reached XP level 2. HP: 23/23 MP: 2/2
   301 | D:1      | Found a faded altar of an unknown god.
   804 | D:1      | 804 ||| UPGRADING to +0 leather armour.
   814 | D:1      | 814 ||| DROPPING +0 robe.
   815 | D:1      | 815 ||| READING scroll labelled XECVEDIYXZEZ.
   816 | D:1      | 816 ||| DROPPING scroll of poison.
   872 | D:2      | Reached XP level 3. HP: 29/29 MP: 3/3
  1068 | D:2      | Reached skill level 4 in Ranged Weapons
  1336 | D:2      | Found Hateopp's Jewellery Shop.
  1340 | D:2      | 1340 ||| SHOPLISTING +5 ring of evasion (504 gold, have
                  | 136).
  1340 | D:2      | 1340 ||| SHOPLISTING +6 ring of strength (504 gold, have
                  | 136).
  1340 | D:2      | 1340 ||| SHOPLISTING amulet "Usuovush" {Faith Str+6} (834
                  | gold, have 136).
  1340 | D:2      | 1340 ||| SHOPLISTING ring "Haacuvun" {Contam rN+ MP+9 Int+4
                  | Slay+5} (770 gold, have 136).
  1340 | D:2      | 1340 ||| SHOPLISTING ring of Wossatyff {Int+2 SInv} (366
                  | gold, have 136).
  1340 | D:2      | 1340 ||| SHOPLISTING ring of fire (350 gold, have 136).
  1460 | D:2      | 1460 ||| READING scroll labelled KUNUPU URILAXE.
  1461 | D:2      | 1461 ||| READING scroll labelled JAIDDO FIUBODY.
  1462 | D:2      | 1462 ||| READING scroll labelled KODIMA NEILEF.
  1463 | D:2      | 1463 ||| READING scroll labelled DAORYODAMU.
  1464 | D:2      | 1464 ||| READING scroll labelled YXZEET GOIBEOF.
  1505 | D:3      | Found a burning altar of Makhleb.
  1523 | D:3      | Found a shimmering blue altar of Sif Muna.
  1562 | D:3      | Reached XP level 4. HP: 17/36 MP: 4/4
  1566 | D:3      | HP: 8/36 [goblin/+0 club (3)]
  1577 | D:3      | 1577 ||| FLEEEEING.
  1582 | D:3      | 1582 ||| FLEEEEING.
  1583 | D:3      | 1583 ||| FLEEEEING.
  1584 | D:3      | 1584 ||| FLEEEEING.
  1585 | D:3      | 1585 ||| FLEEEEING.
  1586 | D:3      | 1586 ||| FLEEEEING.
  1587 | D:3      | 1587 ||| FLEEEEING.
  1588 | D:3      | 1588 ||| FLEEEEING.
  1589 | D:3      | 1589 ||| FLEEEEING.
  1590 | D:3      | 1590 ||| FLEEEEING.
  1591 | D:3      | 1591 ||| FLEEEEING.
  1592 | D:3      | 1592 ||| FLEEEEING.
  1593 | D:3      | 1593 ||| FLEEEEING.
  1594 | D:3      | 1594 ||| FLEEEEING.
  1595 | D:3      | 1595 ||| FLEEEEING.
  1596 | D:3      | 1596 ||| FLEEEEING.
  1597 | D:3      | 1597 ||| FLEEEEING.
  1598 | D:3      | 1598 ||| FLEEEEING.
  1599 | D:3      | 1599 ||| FLEEEEING.
  1600 | D:3      | 1600 ||| FLEEEEING.
  1601 | D:3      | 1601 ||| FLEEEEING.
  1602 | D:3      | 1602 ||| FLEEEEING.
  1603 | D:3      | 1603 ||| STAIRDANCE
  1680 | D:3      | 1680 ||| STAIRDANCE
  1684 | D:2      | HP: 7/36 [gnoll/+1 whip of electrocution (4)]
  1684 | D:2      | Mangled by a gnoll

Levels and vault maps discovered:
D:1:      shiori_shiawase, layout_basic, shapermc_ecumenical_altar_starsandcircs
D:2:      layout_loops_ring, serial_shops, shop
D:3:      layout_basic, nicolae_sif_muna_condensation, bloody_makhleb,
          grunt_ministairs_4, kennysheep_another_room

Skill      XL: |  1  2  3 |
---------------+----------+-----
Ranged Weapons | 3 4 |  4.7
Fighting       | 2 |  2.0
Dodging        | |  2.1
Spellcasting   | |  1.0
Hexes          | |  2.0

Action                     |  1- 3 |  4- 6 || total
---------------------------+-------+-------++-------
   Fire: Sling             |   122 |    14 ||   136
    Use: Scroll            |     6 |       ||     6
 Armour: Robe              |     6 |       ||     6
         Leather armour    |     5 |     2 ||     7
  Dodge: Dodged            |    32 |     5 ||    37

Table legend:
 A = Non-vault XP
 B = Vault XP
 C = Vault XP percentage of total XP
 D = Non-vault monster count
 E = Vault monster count
 F = Vault count percentage of total count
                 A         B        C        D         E       F
            +---------+---------+-------+---------+---------+-------
      Total |     110 |       0 |   0.0 |      58 |       0 |   0.0
            +---------+---------+-------+---------+---------+-------
        D:1 |      37 |       0 |   0.0 |      23 |       0 |   0.0
        D:2 |      37 |       0 |   0.0 |      22 |       0 |   0.0
        D:3 |      36 |       0 |   0.0 |      13 |       0 |   0.0
            +---------+---------+-------+---------+---------+-------
